 Dungeon Crawl Stone Soup version 0.17-a0-777-g32247ce (webtiles) character file.

74 Lokkij the Gusty (level 4, 0/24 HPs)
             Began as a Tengu Air Elementalist on Apr 25, 2015.
             Slain by a jackal (1 damage)
             ... on level 2 of the Dungeon.
             The game lasted 00:05:27 (1857 turns).

Lokkij the Gusty (Tengu Air Elementalist)           Turns: 1857, Time: 00:05:28

Health: 0/24       AC:  2    Str:  4 (8)  XL:     4   Next: 28%
Magic:  1/9        EV: 12    Int: 21      God:
Gold:   119        SH:  0    Dex: 15      Spells: 3 memorised, 3 levels left

rFire  . . .     SeeInvis .     m - +0 dagger
rCold  . . .     Clarity  .     a - +0 robe
rNeg   . . .     SustAb   .     (no shield)
rPois  .         Gourm    .     (helmet restricted)
rElec  .         Spirit   .     (no cloak)
rCorr  .         Warding  .     (no gloves)
rMut   .         Stasis   .     (boots unavailable)
MR     .....                    (no amulet)
Stlth  ++........               (no ring)
                                (no ring)

@: brilliant, not resistant to hostile enchantments, unstealthy
A: beak, talons 3
a: no special abilities


You were on level 2 of the Dungeon.
You were hungry.

You visited 1 branch of the dungeon, and saw 2 of its levels.

You collected 119 gold pieces.

Inventory:

Hand weapons
 m - a +0 dagger (weapon)
Armour
 a - a +0 robe (worn)
Scrolls
 d - 3 scrolls of teleportation {unknown}
 e - a scroll of blinking {unknown}
 f - a scroll of magic mapping {unknown}
 h - a scroll of amnesia {unknown}
 i - a scroll of remove curse {unknown}
 j - a scroll of enchant weapon {unknown}
 l - 2 scrolls of identify {unknown}
 s - a scroll of fear {unknown}
Potions
 q - a potion of ambrosia {unknown}
Books
 b - a book of Air

   Spells                             Type                      Level
   a - Shock                          Conjuration/Air              1
   b - Swiftness                      Charms/Air                   2
   c - Repel Missiles                 Charms/Air                   2
   d - Flight                         Charms/Air                   3
   e - Static Discharge               Conjuration/Air              3
   f - Lightning Bolt                 Conjuration/Air              5
Comestibles
 c - 3 bread rations
 p - a fruit


   Skills:
 - Level 2.1 Dodging
 - Level 2.0 Stealth
 + Level 2.9 Spellcasting
 - Level 1.3 Conjurations
 + Level 5.8 Air Magic


You had 3 spell levels left.
You knew the following spells:

 Your Spells              Type           Power        Failure   Level  Hunger
a - Shock                 Conj/Air       ####         1%          1    None
b - Swiftness             Chrm/Air       ####....     1%          2    ##.....
z - Repel Missiles        Chrm/Air       ####..       1%          2    ##.....


Dungeon Overview and Level Annotations

Branches:
Dungeon (2/15)

Altars:

Annotations:
D:2 Sigmund


Innate Abilities, Weirdness & Mutations

You have a beak for a mouth.
You have claws for feet.


Message History

The jackal is moderately wounded.
The jackal misses you.
You closely miss the jackal.
The jackal is moderately wounded.
The jackal bites you.
You hit the jackal but do no damage.
The jackal is moderately wounded.
The jackal bites you.
* * * LOW HITPOINT WARNING * * *
The jackal bites you.
* * * LOW HITPOINT WARNING * * *
The jackal barely misses you.
Drink which item? (? for menu, Esc to quit)
It was a potion of degeneration.
There was something very wrong with that liquid.
You feel weakened. The jackal bites you.
* * * LOW HITPOINT WARNING * * *
The jackal bites you.
You die...

#.########## ...%.....
#<.........# #........
#.########.# #........
#.########.#### #.#......
#.##...†......# #.##.....
#.##.#####.##.# #.# #...#
#.##.# #.##.# #.# #.# #....#
#.##h# #.####.## #.####
#.##@########......)#
#.########.##...†.[..(.(..(#.#
#..........###############...#
############ #.... #####


You could see a jackal.

Vanquished Creatures
  Ijyb (D:2)
  An adder (D:2)
  2 worms (D:2)
  A giant gecko (D:1)
  2 bats (D:1)
  2 giant cockroaches
  5 goblins
  3 hobgoblins
  5 kobolds
  4 giant newts
  2 jackals (D:2)
  4 rats (D:2)
32 creatures vanquished.

Notes
Turn   | Place    | Note
--------------------------------------------------------------
     0 | D:1      | Lokkij, the Tengu Air Elementalist, began the quest for the Orb.
     0 | D:1      | Reached XP level 1. HP: 10/10 MP: 4/4
   219 | D:1      | Reached XP level 2. HP: 15/15 MP: 4/6
   400 | D:1      | Learned a level 2 spell: Repel Missiles
   423 | D:1      | Learned a level 2 spell: Swiftness
   691 | D:2      | Reached XP level 3. HP: 10/19 MP: 0/7
   882 | D:2      | Noticed Sigmund
  1000 | D:2      | Reached skill level 5 in Air Magic
  1807 | D:2      | Noticed Ijyb
  1845 | D:2      | Killed Ijyb
  1845 | D:2      | Reached XP level 4. HP: 3/24 MP: 0/9
  1857 | D:2      | HP: 1/24 [jackal (2)]
  1857 | D:2      | Slain by a jackal

Action                   |  1- 3 |  4- 6 || total
-------------------------+-------+-------++-------
Melee: Dagger            |    58 |     4 ||    62
 Cast: Shock             |    53 |     2 ||    55
       Repel Missiles    |     1 |       ||     1
  Use: Potion            |       |     4 ||     4
 Stab: Sleeping          |     1 |       ||     1
  Eat: Chunk             |     3 |       ||     3
